 Dungeon Crawl Stone Soup version 0.27-a0-660-g90476cec82 (webtiles) character file.

Game seed: 2418439371077304857

79 Vern1 the Cudgeller (level 4, 0/28 HPs)
             Began as a Gargoyle Monk on Mar 16, 2021.
             Slain by a worm (2 damage)
             ... on level 2 of the Dungeon.
             The game lasted 00:03:38 (1948 turns).

Vern1 the Cudgeller (Gargoyle Monk)                 Turns: 1948, Time: 00:03:39

Health: 0/28       AC: 14    Str: 16    XL:     4   Next: 37%
Magic:  4/4        EV:  2    Int: 10    God:
Gold:   37         SH:  7    Dex: 18    Spells: 3/3 levels left

rFire    . . .     SeeInvis .   f - +0 whip
rCold    . . .     Faith    .   m - +0 kite shield
rNeg     + . .     Spirit   .   h - +0 plate armour
rPois    ∞         Reflect  .   (no helmet)
rElec    +         Harm     .   q - +0 cloak
rCorr    .         Rampage  .   (no gloves)
Will     .....                  (no boots)
Stlth    ..........             (no amulet)
HPRegen  0.09/turn              e - +6 ring of dexterity
MPRegen  0.09/turn              (no ring)

@: flying
A: AC +3, negative energy resistance 1, electricity resistance, torment
resistance 1, unbreathing 1, petrification resistance
a: no special abilities


You were on level 2 of the Dungeon.
You visited 1 branch of the dungeon, and saw 2 of its levels.

You collected 37 gold pieces.

Inventory:

Hand Weapons
 f - a +0 whip (weapon)
Armour
 h - a +0 plate armour (worn)
 m - a +0 kite shield (worn)
 q - a +0 cloak (worn)
Jewellery
 e - a +6 ring of dexterity (right hand)
Scrolls
 b - a scroll of teleportation {unknown}
 c - a scroll of magic mapping {unknown}
 d - a scroll of enchant weapon {unknown}
 g - a scroll of enchant armour {unknown}
 i - a scroll of blinking {unknown}
 n - a scroll of fog {unknown}
 o - a scroll of amnesia {unknown}
 p - a scroll of identify {unknown}
Potions
 a - a potion of resistance {unknown}
 j - a potion of curing
 k - a potion of flight
 l - a potion of heal wounds {unknown}


   Skills:
 - Level 3.2 Fighting
 + Level 4.1 Maces & Flails
 - Level 2.4 Dodging
 + Level 4.0 Stealth


You had 3 spell levels left.
You didn't know any spells.
Your spell library was empty.

Dungeon Overview and Level Annotations

Branches:
Dungeon (2/15)

Altars:


Innate Abilities, Weirdness & Mutations

Your stone body is resilient. (AC +3)
You are immune to poison.
You resist negative energy. (rN+)
You are resistant to electric shocks. (rElec)
You are resistant to unholy torment.
You can survive without breathing.
You are immune to petrification.


Message History

The worm is moderately wounded.
The worm bites you but does no damage. You block the worm's attack.
You hit the worm.
The worm is moderately wounded.
You block the worm's attack. The worm barely misses you.
You hit the worm.
The worm is heavily wounded.
The worm bites you.
You hit the worm.
The worm is almost dead.
You block the worm's attack.
You hit the worm.
The worm is almost dead.
The worm bites you. x2
You are too injured to fight recklessly!
You are too injured to fight recklessly!
You are too injured to fight recklessly!
You are too injured to fight recklessly!
You hit the worm.
You kill the worm!
The worm bites you.
* * * LOW HITPOINT WARNING * * *
You hit the worm.
The worm is lightly wounded.
Your shield prevents you from hitting the worm.
The worm is lightly wounded.
The worm bites you but does no damage.
You completely miss the worm. You block the worm's attack.
Your shield and plate armour prevent you from hitting the worm.
You block the worm's attack.
You hit the worm.
The worm is moderately wounded.
You hit the worm.
The worm is heavily wounded.
The worm bites you.
* * * LOW HITPOINT WARNING * * *
Your plate armour prevents you from hitting the worm.
The worm is heavily wounded.
The worm bites you.
You die...

#........# #........#
#........# #########
#........####
........###...........##
#.....##.............
#######..†w..#.............
........##@#...............
.####....##................
#.##.w#####......†.....
..##..w.#######........<
..##..##..##...#.........
#..##... ##..###.#.........
..##..## ##..##...#.....#.
.##..# #..##.......... ..#
#..##.###.#...


You could see a worm.

Vanquished Creatures
  2 adders (D:2)
  An ooze (D:1)
  2 worms (D:2)
  2 dart slugs (D:2)
  A leopard gecko (D:1)
  A ball python (D:1)
  3 giant cockroaches
  2 goblins (D:1)
  7 hobgoblins
  4 jackals (D:1)
  4 kobolds
  A quokka (D:2)
  7 bats
  A frilled lizard (D:1)
  5 rats
43 creatures vanquished.

Notes
Turn   | Place    | Note
-------+----------+-------------------------------------------
     0 | D:1      | Vern1 the Gargoyle Monk began the quest for the Orb.
     0 | D:1      | Reached XP level 1. HP: 14/14 MP: 1/1
    95 | D:1      | Reached XP level 2. HP: 14/19 MP: 2/2
   743 | D:1      | Reached XP level 3. HP: 16/23 MP: 3/3
  1611 | D:2      | Reached XP level 4. HP: 27/28 MP: 4/4
  1948 | D:2      | Slain by a worm

Illustrated notes

Levels and vault maps discovered:
D:1:      dpeg_arrival_round_b, layout_loops_corners, chequers_arboretum
D:2:      minmay_alternating_diamond, layout_rooms, serial_aquarium,
          aquarium_bridge_straight [aquarium_subvault_bridge,
          aquarium_subvault_wall, aquarium_subvault_bridge,
          aquarium_subvault_balcony], aquarium_window_fake,
          aquarium_window_corner, aquarium_view_2d, aquarium_view_2b,
          aquarium_balcony_5b, kennysheep_generic_room_16

Skill      XL: |  1  2  3  4 |
---------------+-------------+-----
Stealth        | 3 4 |  4.0
Maces & Flails | 4 |  4.1
Fighting       | |  3.2
Dodging        | |  2.4

Action                   |  1- 3 |  4- 6 || total
-------------------------+-------+-------++-------
Melee: Mace              |    24 |       ||    24
       Whip              |   121 |    85 ||   206
  Use: Potion            |       |     2 ||     2
 Stab: Sleeping          |     5 |       ||     5
Armor: Robe              |    16 |       ||    16
       Plate armour      |   154 |    65 ||   219
       Chain mail        |     3 |       ||     3
Dodge: Dodged            |    49 |    12 ||    61
Block: Kite shield       |    30 |    33 ||    63

Table legend: (Time is in decaauts)
 A = Elapsed time spent in this place.
 B = Non-inter-level travel time spent in this place.
 C = Inter-level travel time spent in this place.
 D = Time resting spent in this place.
 E = Time spent auto-exploring this place.
 F = Levels seen in this place.
 G = Mean time per level.
                   A        B        C        D        E       F      G
               +--------+--------+--------+--------+--------+-----+--------+
         Total |   1973 |   1938 |     35 |      0 |   1480 |   2 |  986.5 |
       Dungeon |   1973 |   1938 |     35 |      0 |   1480 |   2 |  986.5 |
               +--------+--------+--------+--------+--------+-----+--------+

Top non-repeatable levels by time:
     D:1: 1305 daAuts
     D:2: 668 daAuts
